 Dungeon Crawl Stone Soup version 0.20.1-1-g8b1a95d (webtiles) character file.

74 equalderp2856 the Skirmisher (level 4, 0/35 HPs)
             Began as a Mummy Fighter on Oct 25, 2017.
             Slain by an adder (1 damage)
             ... on level 3 of the Dungeon.
             The game lasted 00:03:09 (2565 turns).

equalderp2856 the Skirmisher (Mummy Fighter)        Turns: 2565, Time: 00:03:10

Health: 0/35       AC:  6    Str: 19    XL:     4   Next: 9%
Magic:  4/4        EV:  7    Int:  8    God:
Gold:   67         SH:  9    Dex: 11    Spells: 3/3 levels left

rFire    x . .     SeeInvis .   a - +0 war axe
rCold    + . .     Gourm    .   c - +0 shield
rNeg     + + +     Faith    .   b - +0 scale mail
rPois    ∞         Spirit   .   (no helmet)
rElec    .         Reflect  .   (no cloak)
rCorr    .         Harm     .   (no gloves)
MR       .....                  (no boots)
Stlth    ..........             (no amulet)
Regen    0.2/turn               (no ring)
MPRegen  0.1/turn               (no ring)

@: no status effects
A: no food or potions, fire vulnerability, cold resistance 1, negative energy
resistance 3, torment resistance, unbreathing
a: no special abilities


You were on level 3 of the Dungeon.
You were not hungry.

You visited 1 branch of the dungeon, and saw 3 of its levels.

You collected 67 gold pieces.

Inventory:

Hand Weapons
 a - a +0 war axe (weapon)
Armour
 b - a +0 scale mail (worn)
 c - a +0 shield (worn)
Jewellery
 i - an uncursed amulet of rage {unknown}
 j - an uncursed amulet of regeneration {unknown}
Scrolls
 d - 2 scrolls of immolation {unknown}
 e - a scroll of remove curse {unknown}
 f - 2 scrolls of teleportation {unknown}
 g - a scroll of enchant armour {unknown}
 h - 4 scrolls of identify {unknown}
 k - 2 scrolls of fear {unknown}
 l - a scroll of noise {unknown}
 m - a scroll of recharging {unknown}


   Skills:
 + Level 3.2 Fighting
 + Level 2.3 Axes
 + Level 2.9 Armour
 + Level 0.1 Dodging
 + Level 3.0 Shields


You had 3 spell levels left.
You didn't know any spells.

Dungeon Overview and Level Annotations

Branches:
Dungeon (3/15)

Altars:
Hepliaklqana
Makhleb
Nemelex Xobeh
Zin


Innate Abilities, Weirdness & Mutations

You do not eat or drink.
Your flesh is vulnerable to fire.
You are immune to poison.
Your flesh is cold resistant. (rC+)
You are immune to negative energy. (rN+++)
You are immune to unholy pain and torment.
You can survive without breathing.


Message History

The adder barely misses you. The adder bites you but does no damage.
The adder bites you.
* * * LOW HITPOINT WARNING * * *
You block the adder's attack. You block the adder's attack. x2
The adder bites you.
* * * LOW HITPOINT WARNING * * *
The adder bites you but does no damage. The adder bites you but does no damage.
The adder bites you but does no damage. x2
The adder barely misses you. You block the adder's attack. The adder bites you.
* * * LOW HITPOINT WARNING * * *
You block the adder's attack. You block the adder's attack.
The adder bites you but does no damage.
The adder bites you but does no damage. x2
The adder bites you.
You die...

#.#.##.# #.#.##.#
#.#.##.#
#.#.##.####
#.#.##....##
#######.#...%.....
#.......#.#####.##
#.#######.# .# #@#
#.. # #S# #.# #.#
... #.. ... #.# ..
#.# #.. #.#


You could see an adder.

Vanquished Creatures
  An adder (D:2)
  2 oozes
  A worm (D:2)
  A dart slug (D:1)
  A leopard gecko (D:2)
  6 bats
  A giant cockroach (D:3)
  9 goblins
  6 hobgoblins
  3 jackals (D:2)
  A quokka (D:2)
  A ball python (D:1)
  A frilled lizard (D:1)
  7 kobolds
  9 rats
50 creatures vanquished.

Notes
Turn   | Place    | Note
-------+----------+-------------------------------------------
     0 | D:1      | equalderp2856 the Mummy Fighter began the quest for the Orb.
     0 | D:1      | Reached XP level 1. HP: 18/18 MP: 1/1
   112 | D:1      | Reached XP level 2. HP: 22/24 MP: 2/2
   664 | D:2      | Reached XP level 3. HP: 16/29 MP: 3/3
   674 | D:2      | Found a sparkling altar of Nemelex Xobeh.
  1250 | D:2      | Found a burning altar of Makhleb.
  1269 | D:2      | Noticed a green death
  1273 | D:2      | Found a glowing silver altar of Zin.
  1273 | D:2      | Noticed an angel
  1872 | D:2      | Found a hazy altar of Hepliaklqana.
  2014 | D:3      | Reached XP level 4. HP: 35/35 MP: 4/4
  2555 | D:3      | HP: 1/35 [adder (4)]
  2561 | D:3      | HP: 1/35 [adder (1)]
  2565 | D:3      | Slain by an adder

Skill      XL: |  1  2  3 |
---------------+----------+-----
Axes           | 2 |  2.3
Shields        | 3 |  3.0
Fighting       | |  3.2
Armour         | |  2.9
Dodging        | |  0.1

Action                   |  1- 3 |  4- 6 || total
-------------------------+-------+-------++-------
Melee: War axe           |   143 |    38 ||   181
Armor: Scale mail        |    67 |    41 ||   108
Dodge: Dodged            |    49 |    32 ||    81
Block: Shield            |    87 |    55 ||   142
